 Dungeon Crawl Stone Soup version 0.28.0 (webtiles) character file.

Game seed: 12971693576527424433

143 hikkokomori the Shooter (level 5, -1/46 HPs)
             Began as a Minotaur Hunter on Feb 6, 2022.
             Killed from afar by an orc wizard (5 damage)
             ... with a magic dart
             ... on level 3 of the Dungeon.
             The game lasted 00:04:58 (2160 turns).

hikkokomori the Shooter (Minotaur Hunter)           Turns: 2160, Time: 00:04:58

Health: -1/46      AC:  3    Str: 23    XL:     5   Next: 4%
Magic:  4/4        EV: 12    Int:  8    God:
Gold:   88         SH:  0    Dex: 12    Spells: 4/4 levels left

rFire   . . .      SeeInvis .   b - +0 short sword
rCold   . . .      Faith    .   (no shield)
rNeg    . . .      Spirit   .   c - +0 leather armour
rPois   .          Reflect  .   (helmet restricted)
rElec   .          Harm     .   (no cloak)
rCorr   .          Rampage  .   (no gloves)
Will    .....                   (no boots)
Stlth   +.........              (no amulet)
HPRegen 0.15/turn               g - +6 ring of strength
MPRegen 0.09/turn               (no ring)

@: no status effects
A: horns 2, retaliatory headbutt
a: no special abilities


You were on level 3 of the Dungeon.
You visited 1 branch of the dungeon, and saw 3 of its levels.

You collected 88 gold pieces.

Inventory:

Hand Weapons
 a - a +1 shortbow
 b - a +0 short sword (weapon)
Missiles
 d - 5 arrows
Armour
 c - a +0 leather armour (worn)
Jewellery
 g - a +6 ring of strength (left hand)
Scrolls
 e - a scroll of teleportation {unknown}
 f - 2 scrolls of silence
 h - a scroll of enchant weapon
Potions
 i - 3 potions of might
 j - 2 potions of attraction
 k - a potion of degeneration {unknown}


   Skills:
 + Level 3.7 Fighting
 + Level 5.1 Bows
 + Level 2.7 Armour
 + Level 3.4 Dodging
 - Level 0.7 Stealth


You had 4 spell levels left.
You didn't know any spells.
Your spell library contained the following spells:

 Spells                   Type           Power      Damage    Failure   Level
 Ensorcelled Hibernation  Hex/Ice        0%         N/A       58%         2
 Spider Form              Tmut/Pois      0%         N/A       83%         3
 Anguish                  Hex/Necr       0%         N/A       99%         4


Dungeon Overview and Level Annotations

Branches:
Dungeon (3/15)

Altars:


Innate Abilities, Weirdness & Mutations

You have a pair of horns on your head.
You reflexively headbutt those who attack you in melee.


Message History

You hear some strange, mumbled words.
Something tries to affect you, but you resist.
b - a +0 short sword (weapon)
Something hits you.
* * * LOW HITPOINT WARNING * * *
You closely miss something. Your headbutt misses something. Something hits you.
* * * LOW HITPOINT WARNING * * *
You miss something. Your headbutt misses something. Something hits you.
* * * LOW HITPOINT WARNING * * *
You hit something but do no damage. Something hits you.
* * * LOW HITPOINT WARNING * * *
It was a potion of curing.
You feel better. Something hits you.
* * * LOW HITPOINT WARNING * * *
You miss something. Something hits you.
* * * LOW HITPOINT WARNING * * *
You closely miss something. Your headbutt misses something.
Something hits you but does no damage.
You hit something. You headbutt something.
You hear some strange, mumbled words.
Something tries to affect you, but you resist.
Something hits you but does no damage.
You hit something. Your headbutt misses something.
Something hits you but does no damage.
You hit something but do no damage. Something hits you but does no damage.
You closely miss something. Something hits you.
* * * LOW HITPOINT WARNING * * *
You barely miss something. Your headbutt misses something.
Your punch misses something. Something hits you but does no damage.
You feel better. Something hits you.
* * * LOW HITPOINT WARNING * * *
You barely miss something. You headbutt something.
You hear some strange, mumbled words.
A puff of flame appears from out of thin air!
The puff of flame hits you.
* * * LOW HITPOINT WARNING * * *
You barely miss something.
You hear some strange, mumbled words.
A magic dart appears from out of thin air!
The magic dart hits you.
You die...

.....######................##.#
...............................
....................⌠...........
.............................
.............................
....................###.##+##
....................# ..#
..........###........ #.#
..........# #@)......
...........({)......
...................
..................
.........(.......
............... .............(.
#######(.(#####


There were no monsters in sight!

Vanquished Creatures
  An orc priest (D:3)
  4 adders
  2 worms (D:2)
  3 orcs (D:3)
  5 bats
  6 endoplasms
  3 giant cockroaches
  7 goblins
  10 hobgoblins
  A jackal (D:2)
  7 ball pythons
  6 frilled lizards
  8 kobolds
  3 rats
66 creatures vanquished.

Notes
Turn   | Place    | Note
-------+----------+-------------------------------------------
     0 | D:1      | hikkokomori the Minotaur Hunter began the quest for the
                  | Orb.
     0 | D:1      | Reached XP level 1. HP: 18/18 MP: 0/0
    98 | D:1      | Reached XP level 2. HP: 25/25 MP: 1/1
   133 | D:1      | Reached skill level 1 in Armour
   317 | D:1      | Found a faded altar of an unknown god.
   353 | D:1      | Reached XP level 3. HP: 31/31 MP: 2/2
   984 | D:2      | Reached XP level 4. HP: 30/38 MP: 3/3
  1486 | D:2      | Reached skill level 5 in Bows
  2142 | D:3      | Reached XP level 5. HP: 17/46 MP: 4/4
  2156 | D:3      | HP: 2/46 [something (3)]
  2160 | D:3      | Killed from afar by an orc wizard

Illustrated notes

Levels and vault maps discovered:
D:1:      roderic_crossed_star, layout_rooms,
          hellmonk_ecumenical_altar_prayer_group, dk_noncrumbling_3
D:2:      kb_forest_paths, layout_basic, eino_tiny_chamber
D:3:      layout_basic, st_stairs_8, chequers_avenue, solitary_fountain,
          uniq_terence

Skill      XL: |  1  2  3  4 |
---------------+-------------+-----
Armour         | 1 2 |  2.7
Fighting       | 3 |  3.7
Dodging        | 3 |  3.4
Bows           | 5 |  5.1
Stealth        | |  0.7

Action                   |  1- 3 |  4- 6 || total
-------------------------+-------+-------++-------
Melee: Short sword       |       |    23 ||    23
       Headbutt          |       |     2 ||     2
 Fire: Shortbow          |   121 |    55 ||   176
  Use: Scroll            |       |     4 ||     4
       Potion            |       |     2 ||     2
Armor: Leather armour    |     7 |    16 ||    23
Dodge: Dodged            |    17 |    23 ||    40
